 Dungeon Crawl Stone Soup version 0.19.5 (webtiles) character file.

25441 Mesmaeker13 the Basher (level 13, -3/106 HPs)
             Began as a Human Gladiator on Apr 28, 2017.
             Was an Elder of Kikubaaqudgha.
             Slain by a spiny frog (4 damage)
             ... on level 4 of the Lair of Beasts on Apr 29, 2017.
             The game lasted 00:54:43 (18127 turns).

Mesmaeker13 the Basher (Human Gladiator)           Turns: 18127, Time: 00:54:43

Health: -3/106     AC: 16    Str: 29    XL:     13   Next: 50%
Magic:  15/15      EV:  8    Int: 10    God:    Kikubaaqudgha [****..]
Gold:   653        SH:  8    Dex: 14    Spells: 1 memorised, 10 levels left

rFire  . . .     SeeInvis +     q - +2 whip (drain)
rCold  . . .     Gourm    .     Z - +1 chain mail {rPois}
rNeg   . . .     Faith    .     E - +0 shield
rPois  +         Spirit   .     H - +0 helmet (curse)
rElec  .         Reflect  .     (no cloak)
rCorr  .         Harm     .     p - +0 pair of gloves
MR     .....                    (no boots)
Stlth  ..........               e - amulet of regeneration
                                l - +5 ring of strength
                                d - ring of see invisible

@: mighty, lethally poisoned (-3 -> -6), very slightly contaminated
A: no striking features
a: Receive Corpses, Renounce Religion


You were on level 4 of the Lair of Beasts.
You worshipped Kikubaaqudgha.
Kikubaaqudgha was greatly pleased with you.
You were hungry.

You visited 3 branches of the dungeon, and saw 16 of its levels.
You also visited: Ossuary.

You collected 878 gold pieces.
You spent 225 gold pieces at shops.

Inventory:

Hand Weapons
 a - a +2 flail
 q - a +2 whip of draining (weapon)
 N - a +0 morningstar
Armour
 p - a +0 pair of gloves (worn)
 s - the +3 leather armour "Laetaqo" {-Tele rC++ Int+3}
   (You found it on level 9 of the Dungeon)

   It affects your intelligence (+3).
   It greatly protects you from cold.
   It prevents most forms of teleportation.
 E - a +0 shield (worn)
 H - a cursed +0 helmet (worn)
 R - +0 fire dragon scales
 Z - a +1 chain mail of poison resistance (worn)
Jewellery
 d - a ring of see invisible (left hand)
 e - an amulet of regeneration (around neck)
 l - a +5 ring of strength (right hand)
 o - a +3 ring of protection {unknown}
 u - an uncursed ring of ice
 L - an uncursed ring of ice
 X - an uncursed ring of flight
Wands
 h - a wand of digging (2/24)
 i - a wand of paralysis (0/24)
 F - a wand of lightning (0/15)
 G - a wand of digging (5/24)
Scrolls
 b - 11 scrolls of remove curse
 j - 2 scrolls of enchant armour
 k - a scroll of holy word {unknown}
 v - 2 scrolls of amnesia
 y - a scroll of summoning {unknown}
 B - 4 scrolls of teleportation
 D - 2 scrolls of magic mapping {unknown}
 J - 2 scrolls of recharging {unknown}
 Q - a scroll of immolation {unknown}
 U - a scroll of noise {unknown}
Potions
 g - a potion of might
 m - 2 potions of haste
 n - 2 potions of brilliance
 t - 5 potions of mutation
 w - 2 potions of invisibility {unknown}
 z - 2 potions of cure mutation
 A - 2 potions of agility {unknown}
 C - a potion of beneficial mutation {unknown}
 I - 2 potions of resistance {unknown}
 P - a potion of flight {unknown}
Books
 S - a book of the Tempests

   Spells                             Type                      Level
   a - Static Discharge               Conjuration/Air              3
   b - Lightning Bolt                 Conjuration/Air              5
   c - Fireball                       Conjuration/Fire             5
   d - Tornado                        Air                          9
   e - Shatter                        Earth                        9
 W - a book of Flames

   Spells                             Type                      Level
   a - Flame Tongue                   Conjuration/Fire             1
   b - Throw Flame                    Conjuration/Fire             2
   c - Conjure Flame                  Conjuration/Fire             3
   d - Inner Flame                    Hexes/Fire                   3
   e - Sticky Flame                   Conjuration/Fire             4
   f - Fireball                       Conjuration/Fire             5
 Y - Kikubaaqudgha's Compendium of Stolen Souls
   (Kikubaaqudgha gifted it to you on level 2 of the Lair of Beasts)

   Spells                             Type                      Level
   a - Animate Dead                   Necromancy                   4
   b - Excruciating Wounds            Charms/Necromancy            5
   c - Bolt of Draining               Conjuration/Necromancy       5
   d - Cigotuvi's Embrace             Necromancy                   5
   e - Dispel Undead                  Necromancy                   5
Comestibles
 f - 9 bread rations
 r - a slice of pizza
 K - 5 meat rations
 O - 2 royal jellies
 V - 6 fruits


   Skills:
 + Level 11.1 Fighting
 + Level 11.9 Maces & Flails
 - Level 7.0 Throwing
 + Level 11.6 Armour
 - Level 3.2 Dodging
 + Level 7.6 Necromancy
 - Level 3.1 Evocations


You had 10 spell levels left.
You knew the following spells:

 Your Spells              Type           Power        Failure   Level  Hunger
a - Corpse Rot            Necr           N/A          73%         2    ###....


Dungeon Overview and Level Annotations

Branches:
Dungeon (10/15)            Temple (1/1) D:6            Lair (5/6) D:8
 Shoals (0/4) Lair:3        Snake (0/4) Lair:2
  Slime: Lair:5-6       Orc: D:9-12

Altars:
Ashenzari
Cheibriados
Dithmenos
Elyvilon
Fedhas
Gozag
Hepliaklqana
Kikubaaqudgha
Makhleb
Nemelex Xobeh
Okawaru
Qazlal
Ru
Sif Muna
Trog
Uskayaw
Vehumet
Xom
Yredelemnul
Zin
The Shining One

Shops:
D:4 %   D:8 !   D:9 :

Annotations:
D:3 Grinder
D:4 Diode's ghost, novice MiBe


Message History

* * * LOW HITPOINT WARNING * * *
You feel sick. The spiny frog barely misses you.
Okay, then.
You barely miss the spiny frog.
The spiny frog is moderately wounded.
* * * LOW HITPOINT WARNING * * *
You feel sick.
The spiny frog stings you but does no damage.
You whack the spiny frog!
The spiny frog is heavily wounded.
* * * LOW HITPOINT WARNING * * *
You feel sick. You block the spiny frog's attack.
You whack the spiny frog!
The spiny frog is almost dead.
Your shield prevents you from hitting the spiny frog.
The spiny frog is almost dead.
* * * LOW HITPOINT WARNING * * *
You feel sick. The spiny frog stings you.
You die...
Kikubaaqudgha rasps: "You have failed me!
Welcome... death!"

.............................#
P............#.#P...PP...P..P#
#P....P###....####..#####...##
##....## ##..## #...# ##..#
#.....####^...# #..## #..#
#....##.###..## #...# #..##
##...##.#.#..#####..######...#
#............PP##P......#...##
.............PPF@............#
.##.#........PPP............##
............................##
..####.......................#
.#.##.......................##
.##.##.......................#
..##.#................(.....##
<####.......................#
..###.......................##


You could see a spiny frog.

Vanquished Creatures
  Fannar (D:8)
  2 hydras
  Pikel (D:8)
  A manticore (Lair:3)
  2 black mambas
  7 spiny frogs
  A rime drake (Lair:2)
  6 komodo dragons
  3 orc warriors
  2 merfolk
  A troll (D:7)
  A polar bear (Lair:3)
  A hornet (D:9)
  12 blink frogs
  A two-headed ogre (D:10)
  3 hippogriffs
  31 yaks
  3 wyverns
  Grum (D:8)
  A hungry ghost (D:10)
  4 vampire mosquitoes
  2 nagas (Lair:2)
  A steam dragon (Lair:5)
  An insubstantial wisp (Lair:4)
  6 water moccasins
  12 porcupines
  2 ice beasts
  A sky beast (D:5)
  3 slaves (D:8)
  2 black bears (D:7)
  2 phantoms
  A centaur (D:9)
  8 ogres
  The ghost of IjonTichy1 the Magician, an amateur DgWz (D:3)
  4 wolves
  6 crocodiles
  A big kobold (D:10)
  11 bullfrogs
  4 scorpions
  7 killer bees
  4 wights
  2 electric eels
  3 howler monkeys (D:9)
  2 crimson imps
  A jelly (D:5)
  A quasit (D:4)
  A bullfrog zombie (D:7)
  2 hounds (D:7)
  6 orc priests
  3 bullfrog skeletons
  A gnoll shaman (D:7)
  3 iguanas
  4 orc wizards
  6 worker ants
  14 mummies
  3 gnolls (D:7)
  9 adders
  5 river rats (D:8)
  2 shadow imps (D:6)
  An adder zombie (D:7)
  4 worms
  3 dart slugs
  7 leopard geckos
  26 orcs
  A ball python (D:1)
  10 bats
  4 giant cockroaches
  9 goblins
  10 hobgoblins
  10 kobolds
  4 quokkas
  4 frilled lizards
  A giant cockroach zombie (D:6)
  3 gnoll skeletons (Ossuary)
  3 goblin skeletons (Ossuary)
  A goblin zombie (D:6)
  A jackal skeleton (D:6)
  A jackal zombie (D:5)
  2 orc skeletons (Ossuary)
  An orc zombie (D:6)
  A quokka skeleton (D:9)
  12 rats
  11 rat skeletons (Ossuary)
362 creatures vanquished.

Vanquished Creatures (collateral kills)
  A yak (D:8)
  A river rat (D:8)
2 creatures vanquished.

Vanquished Creatures (others)
  A yak (D:8)
  A basilisk (D:8)
  2 jackals (D:4)
  A jackal skeleton (D:4)
  A bush (D:8)
  9 fungi
  8 plants
23 creatures vanquished.

Grand Total: 387 creatures vanquished

Notes
Turn   | Place    | Note
-------+----------+-------------------------------------------
     0 | D:1      | Mesmaeker13 the Human Gladiator began the quest for the Orb.
     0 | D:1      | Reached XP level 1. HP: 16/16 MP: 1/1
   173 | D:1      | Reached XP level 2. HP: 19/22 MP: 2/2
   631 | D:1      | Reached XP level 3. HP: 26/28 MP: 3/3
  1533 | D:2      | Reached skill level 1 in Armour
  1672 | D:2      | Reached XP level 4. HP: 26/34 MP: 4/4
  1999 | D:3      | Noticed IjonTichy1's ghost (amateur DgWz)
  2031 | D:3      | Killed IjonTichy1's ghost
  2031 | D:3      | Reached XP level 5. HP: 35/41 MP: 5/5
  2215 | D:3      | Noticed an ogre
  2237 | D:3      | Killed an ogre
  2237 | D:3      | Reached XP level 6. HP: 47/47 MP: 6/6
  2398 | D:3      | Found a blossoming altar of Fedhas.
  2400 | D:3      | Found a sparkling altar of Nemelex Xobeh.
  2579 | D:3      | Noticed Grinder
  2659 | D:4      | Noticed an ogre
  2666 | D:4      | Killed an ogre
  2716 | D:4      | Noticed Diode's ghost (novice MiBe)
  2740 | D:5      | Entered Level 5 of the Dungeon
  2767 | D:5      | Reached XP level 7. HP: 40/53 MP: 7/7
  2977 | D:5      | Reached XP level 8. HP: 59/65 MP: 8/8
  3406 | D:6      | Found an opulent altar of Gozag.
  3644 | D:6      | Found a staircase to the Ecumenical Temple.
  3757 | D:6      | Found a sand-covered staircase.
  3771 | Ossuary  | Entered an ossuary
  4037 | Ossuary  | Reached XP level 9. HP: 70/71 MP: 9/9
  4926 | Temple   | Entered the Ecumenical Temple
  4961 | Temple   | Became a worshipper of Kikubaaqudgha
  6019 | D:4      | Found Coaxoip's Food Shoppe.
  6289 | D:7      | Noticed a hornet
  6293 | D:7      | Noticed a troll
  6293 | D:7      | a hornet changed into a troll
  6731 | D:7      | Reached * piety under Kikubaaqudgha
  6731 | D:7      | Identified Kikubaaqudgha's Disquisition on Sinister Secrets (Kikubaaqudgha gifted it to you on level 7 of the Dungeon)
  6731 | D:7      | Received a gift from Kikubaaqudgha
  7296 | D:7      | Killed a troll
  7296 | D:7      | Reached skill level 1 in Evocations
  7296 | D:7      | Reached XP level 10. HP: 48/79 MP: 10/10
  7974 | D:8      | Paralysed by an orc warrior for 7 turns
  8001 | D:8      | Paralysed by an orc warrior for 5 turns
  8574 | D:8      | Found a staircase to the Lair.
  8858 | D:8      | Reached ** piety under Kikubaaqudgha
  8866 | D:8      | Noticed Grum
  9107 | D:8      | Killed Grum
  9113 | D:8      | Reached skill level 1 in Necromancy
  9722 | D:8      | Found Henir's Distillery.
  9726 | D:8      | Bought a potion of curing for 45 gold pieces
  9726 | D:8      | Bought a potion of curing for 45 gold pieces
  9726 | D:8      | Bought a potion of might for 60 gold pieces
  9726 | D:8      | Bought a potion of heal wounds for 75 gold pieces
  9921 | D:8      | Found a deep blue altar of Sif Muna.
  9935 | D:8      | Reached XP level 11. HP: 85/87 MP: 13/13
 10039 | D:8      | Noticed Pikel
 10054 | D:8      | Killed Pikel
 10175 | D:9      | Reached skill level 10 in Maces & Flails
 10753 | D:9      | Found Axtys's Book Boutique.
 10786 | D:9      | Found an opulent altar of Gozag.
 10788 | D:9      | Found a shattered altar of Ashenzari.
 10789 | D:9      | Found a snail-covered altar of Cheibriados.
 11204 | D:9      | Got a bloodstained leather armour
 11301 | D:10     | Entered Level 10 of the Dungeon
 11456 | Lair:1   | Entered Level 1 of the Lair of Beasts
 11636 | Lair:1   | Reached skill level 10 in Armour
 11676 | Lair:1   | Noticed Fannar
 11793 | D:8      | Identified the +3 leather armour "Laetaqo" {-Tele rC++ Int+3} (You found it on level 9 of the Dungeon)
 11823 | D:8      | Killed Fannar
 12073 | D:8      | Reached XP level 12. HP: 85/96 MP: 14/14
 12256 | Lair:1   | Learned a level 2 spell: Corpse Rot
 12707 | Lair:1   | Reached skill level 5 in Necromancy
 12721 | Lair:1   | Noticed a four-headed hydra
 12751 | Lair:1   | Killed a four-headed hydra
 13398 | Lair:2   | Reached skill level 10 in Fighting
 13428 | Lair:2   | Found a staircase to the Snake Pit.
 13553 | Lair:2   | Reached *** piety under Kikubaaqudgha
 13553 | Lair:2   | Identified Kikubaaqudgha's Compendium of Stolen Souls (Kikubaaqudgha gifted it to you on level 2 of the Lair of Beasts)
 13553 | Lair:2   | Received a gift from Kikubaaqudgha
 13987 | Lair:3   | Noticed a five-headed hydra
 14004 | Lair:3   | Killed a five-headed hydra
 14433 | Lair:3   | Reached XP level 13. HP: 74/104 MP: 15/15
 15114 | Lair:3   | Found a staircase to the Shoals.
 17474 | Lair:5   | Reached **** piety under Kikubaaqudgha
 17944 | Lair:5   | Noticed a five-headed hydra
 18121 | Lair:4   | HP: 4/106 [spiny frog (15)]
 18125 | Lair:4   | HP: 1/106 [poisoned by a spiny frog]
 18127 | Lair:4   | Slain by a spiny frog

Skill      XL: |  1  2  3  4  5  6  7  8  9 10 11 12 13 |
---------------+----------------------------------------+-----
Armour         | 1 2 3 8 9 10 11 | 11.6
Fighting       | 3 6 7 8 9 10 11 | 11.1
Maces & Flails | 4 8 9 10 11 | 11.9
Throwing       | 3 6 7 |  7.0
Evocations     | 1 3 |  3.1
Necromancy     | 1 4 6 7 |  7.6
Dodging        | |  3.2

Action                   |  1- 3 |  4- 6 |  7- 9 | 10-12 | 13-15 || total
-------------------------+-------+-------+-------+-------+-------++-------
Melee: Flail             |   133 |   112 |   316 |   610 |    56 ||  1227
       Whip              |       |       |       |   328 |   376 ||   704
Throw: Throwing net      |     3 |     7 |       |     2 |       ||    12
       Javelin           |       |     5 |    25 |    44 |     5 ||    79
 Cast: Corpse Rot        |       |       |       |     5 |     3 ||     8
Evoke: Wand              |       |       |     3 |    15 |     3 ||    21
  Use: Scroll            |     3 |     7 |     9 |     5 |     3 ||    27
       Potion            |       |     1 |     2 |     6 |     5 ||    14
 Stab: Paralysed         |       |       |       |     3 |       ||     3
       Petrified         |       |       |       |     1 |       ||     1
       Held in net/web   |       |       |       |     1 |       ||     1
  Eat: Chunk             |     2 |     4 |     6 |    24 |    10 ||    46
       Bread ration      |       |       |     2 |       |       ||     2
       Meat ration       |       |       |       |     1 |       ||     1
       Pizza             |       |       |       |     1 |       ||     1
       Beef jerky        |       |       |       |       |     1 ||     1
Armor: Leather armour    |    21 |       |       |     9 |       ||    30
       Chain mail        |    45 |    63 |   131 |   163 |   155 ||   557
       Fire dragon scale |       |       |       |   224 |       ||   224
Dodge: Dodged            |    80 |    62 |   124 |   397 |   168 ||   831
Block: Shield            |       |       |       |     3 |     9 ||    12
